cohdb
Replays
Latest Replays
All Replays
Popular Replays
Top Player Replays
Match Explorer
How It Works
Community
CoH3 Stats
Reddit
Sign in to upload your games and track your stats! →
Sign in with Steam
Match 41163300
Unlisted
Match 41163300
Overview
Messages
Build Orders
End
Panzergrenadier Squad
250 Light Carrier
Selects Armored Support Battlegroup
Panzergrenadier Squad
Panzergrenadier Squad
Construct Light Support Kompanie
Selects Superior Fire Drills
Fire Support Elements
Pak 38 Anti-tank Gun Team
le.IG 18 Mechanized Group
Assault Grenadier Squad
Construct Panzerarmee Kommand
Panzer III L Medium Tank
Selects Salvage Kits
Selects Panzer Storm
Panzer III L Medium Tank
Tungsten Core Ammunition
Assault Mechanized Group
Emergency Repair Kits
Selects Stuka Dive Bomb
Vehicle Survival Package
Walter
XizozR
matjouz
Sarmynation
0
0
Comments
sign in to comment!
No comments posted yet!